 Dungeon Crawl Stone Soup version 0.30-a0-586-g23e55c9e0a (webtiles) character file.

Game seed: 17103563747451124483

6339 Twinkles the Cleaver (level 10, -18/90 HPs)
             Began as a Hill Orc Fighter on Jan 3, 2023.
             Was a Believer of Uskayaw.
             Engulfed by a cloud of flame (21 damage)
             ... on level 9 of the Dungeon.
             The game lasted 00:34:38 (10482 turns).

Twinkles the Cleaver (Hill Orc Fighter)            Turns: 10482, Time: 00:34:39

Health: -18/90     AC: 14    Str: 24    XL:     10   Next: 96%
Magic:  18/18      EV: 10    Int:  8    God:    Uskayaw [**....]
Gold:   550        SH:  4    Dex: 10    Spells: 9/9 levels left

rFire   . . .      SeeInvis .    a - +6 shillelagh "Devastator" {shatter}
rCold   . . .      Faith    .    c - +0 buckler
rNeg    . . .      Spirit   .    g - +1 scale mail
rPois   +          Reflect  .    y - +0 helmet
rElec   .          Harm     .    (no cloak)
rCorr   +          Rampage  .    w - +1 pair of gloves
Will    .....                    u - +0 pair of boots Stlth
                                 k - amulet of the acrobat
HPRegen 0.35/turn                v - ring of resist corrosion
MPRegen 0.16/turn                P - ring of poison resistance

@: weak-willed
A: no striking features
a: Renounce Religion, Stomp, Line Pass


You were on level 9 of the Dungeon.
You worshipped Uskayaw.
Uskayaw was aware of your devotion.
You visited 2 branches of the dungeon, and saw 10 of its levels.

You collected 550 gold pieces.

Inventory:

Hand Weapons
 a - the +6 shillelagh "Devastator" (weapon) {shatter}
   (You found it on level 5 of the Dungeon)

   It releases a powerful concussive burst when it strikes, dealing extra damage
   to the target and all other creatures adjacent to them.
 b - a +5 war axe
Missiles
 f - a curare-tipped dart
 n - 5 boomerangs
 s - 16 poisoned darts (quivered)
Armour
 c - a +0 buckler (worn)
 g - a +1 scale mail (worn)
 m - a +2 robe of resistance
 u - a +0 pair of boots (worn)
 w - a +1 pair of gloves (worn)
 y - a +0 helmet (worn)
 z - the +0 ring mail of Nedics {rCorr}
   (You found it on level 7 of the Dungeon)

   rCorr:     It protects you from acid and corrosion.
Jewellery
 k - an amulet of the acrobat (around neck)
 l - an amulet of magic regeneration
 v - a ring of resist corrosion (left hand)
 O - a +6 ring of intelligence
 P - a ring of poison resistance (right hand)
Wands
 d - a wand of digging (16)
 e - a wand of charming (8)
 j - a wand of polymorph (8)
 q - a wand of flame (28)
 E - a wand of roots (6)
Scrolls
 h - a scroll of amnesia
 i - a scroll of fog {unknown}
 p - a scroll of enchant armour
 r - a scroll of poison
 x - a scroll of enchant weapon {unknown}
 B - a scroll of teleportation {unknown}
 D - 2 scrolls of blinking
 I - a scroll of noise {unknown}
 K - 2 scrolls of immolation
 M - a scroll of brand weapon {unknown}
 V - 4 scrolls of vulnerability
 X - a scroll of magic mapping
 Z - 4 scrolls of identify
Potions
 o - a potion of berserk rage {unknown}
 t - 3 potions of brilliance {unknown}
 A - 3 potions of attraction
 C - 2 potions of cancellation
 G - 2 potions of ambrosia
 H - 4 potions of haste
 J - 2 potions of curing
 L - 4 potions of flight
 N - a potion of heal wounds
 Q - 2 potions of magic
 R - a potion of resistance
 U - 5 potions of mutation


   Skills:
 + Level 8.9 Fighting
 + Level 12.3 Axes
 + Level 8.2 Armour
 + Level 1.5 Dodging
 - Level 3.4 Shields
 + Level 11.5 Invocations


You had 9 spell levels left.
You didn't know any spells.
Your spell library contained the following spells:

 Spells                   Type           Power      Damage    Failure   Level
 Apportation              Tloc           0%         N/A       77%         1
 Necrotise                Necr           0%         1d4       77%         1
 Slow                     Hex            0%         N/A       77%         1
 Summon Small Mammal      Summ           0%         N/A       77%         1
 Scorch                   Fire           0%         2d5       88%         2
 Inner Flame              Hex/Fire       0%         N/A       98%         3
 Flame Wave               Conj/Fire      0%         2d4       100%        4
 Olgreb's Toxic Radiance  Pois           0%         N/A       100%        4
 Sticky Flame             Conj/Fire      0%         2d3       100%        4
 Alistair's Intoxication  Tmut/Pois      0%         N/A       100%        5
 Borgnjor's Vile Clutch   Necr/Erth      0%         N/A       100%        5
 Eringya's Noxious Bog    Tmut/Pois      0%         N/A       100%        6
 Summon Cactus Giant      Summ           0%         N/A       100%        6
 Ozocubu's Refrigeration  Ice            0%         4d7       100%        7
 Ignition                 Fire           0%         3d3       100%        8


Dungeon Overview and Level Annotations

Branches:
Dungeon (9/15) Zot: 26214  Temple (1/1) D:4 Zot: 5941
   Lair: D:8-11         Orc: D:9-12

Altars:
Ashenzari
Cheibriados
Dithmenos
Elyvilon
Fedhas
Gozag
Hepliaklqana
Kikubaaqudgha
Makhleb
Nemelex Xobeh
Okawaru
Qazlal
Ru
Sif Muna
Trog
Uskayaw
Vehumet
Wu Jian
Xom
Yredelemnul
Zin
The Shining One

Shops:
D:1 *   D:9 [

Annotations:
D:2 1 runed translucent door, Crazy Yiuf
D:3 3 runed translucent doors, bmack86's ghost, amateur MiFi
D:6 4 exclusions
D:9 3 runed translucent doors, DSscumlord's ghost, novice DsWn


Message History

An orc comes into view. It is wielding a +0 whip.
An orc comes into view. It is wielding a +0 trident.
As you read the scroll labelled ZETOHOASEMM, it crumbles to dust.
The orc shouts!
Magic quickly surges around you.
It was a scroll of vulnerability.
V - 4 scrolls of vulnerability You hear a shout! x2
An orc comes into view. It is wielding a +0 flail.
An orc comes into view. It is wielding a +0 mace.
As you read the scroll labelled RALADD YDGHIA, it crumbles to dust.
The creatures around you are filled with an inner flame!
It was a scroll of immolation.
K - 2 scrolls of immolation;
n - 5 boomerangs The orc shouts!
As you read the scroll labelled WEHENUFIZI, it crumbles to dust.
It is a scroll of amnesia.
You feel forgetful for a moment. The orc closely misses you.
You feel much better. The orc completely misses you.
The orc attacks as you move away! The orc barely misses you.
The orc warrior unwields a +0 arbalest.
The orc warrior wields a +0 war axe.
The orc warrior completely misses you.
Items here: ( ))) †.
The orc warrior attacks as you move away!
You block the orc warrior's attack.
The orc warrior unwields a +0 war axe.
The orc warrior wields a +0 arbalest.
The orc warrior shoots a bolt.
The bolt completely misses you. The orc attacks as you move away!
You block the orc's attack.
You barely miss the orc warrior. The orc hits you but does no damage.
The orc warrior unwields a +0 arbalest.
The orc warrior wields a +0 war axe.
The orc warrior barely misses you.
You closely miss the orc warrior. The orc hits you but does no damage.
You sock the orc warrior!
The orc warrior and the orcs shudder.
The orc warrior is almost dead. x2
The orc explodes!
The fiery explosion engulfs you!!
* * * LOW HITPOINT WARNING * * *
The fiery explosion engulfs the orc warrior!!
You kill the orc warrior!
The orc explodes!
You are engulfed in blazing flames.
You die...

###### .....# #.#
.....# #.# .....#
#.# ###### #.# #.#
#.# #.########
.#o######§@.......
...ooo.o§§########
.########§# #§#
#.# #.#
#)#########
#..........
#.#########


You could see 4 orcs.

Vanquished Creatures
  A two-headed ogre (D:7)
  Pikel (D:7)
  A troll (D:9)
  A hornet (D:8)
  Sigmund (D:4)
  A wraith (D:9)
  2 vampire mosquitoes (D:7)
  4 steam dragons
  Edmund (D:6)
  A black bear (D:4)
  5 orc warriors
  2 sky beasts
  4 ogres
  4 centaurs
  A phantom (D:5)
  5 bullfrogs
  2 kobold brigands
  Blork the orc (D:5)
  A gnoll sergeant (D:9)
  6 scorpions
  6 wights (D:7)
  3 killer bees (D:7)
  An electric eel (D:6)
  A jelly (D:7)
  4 hounds
  6 orc priests
  A gnoll bouda (D:6)
  3 iguanas
  Jessica (D:2)
  6 orc wizards
  10 gnolls
  5 adders
  2 shadow imps
  A white imp (D:5)
  An ufetubus (D:5)
  A worm (D:4)
  3 dart slugs
  36 orcs
  2 ball pythons
  4 endoplasms
  4 giant cockroaches
  6 goblins
  6 hobgoblins
  3 jackals (D:5)
  A quokka (D:2)
  3 bats
  3 frilled lizards
  14 kobolds
  5 rats
187 creatures vanquished.

Vanquished Creatures (others)
  A bush (D:7)
1 creature vanquished.

Grand Total: 188 creatures vanquished

Notes
Turn   | Place    | Note
-------+----------+-------------------------------------------
     0 | D:1      | Twinkles the Hill Orc Fighter began the quest for the Orb.
     0 | D:1      | Reached XP level 1. HP: 19/19 MP: 1/1
    87 | D:1      | Found Pevoatai's Assorted Antiques.
   167 | D:1      | Reached skill level 3 in Axes
   167 | D:1      | Reached XP level 2. HP: 27/27 MP: 2/2
   742 | D:2      | Found a faded altar of an unknown god.
   998 | D:2      | Reached XP level 3. HP: 33/33 MP: 3/3
  1260 | D:2      | Noticed Jessica
  1264 | D:2      | Killed Jessica
  1265 | D:2      | Reached skill level 4 in Axes
  1266 | D:2      | Reached XP level 4. HP: 31/40 MP: 4/4
  1309 | D:2      | Got Jessica's Anthology of Misfortune
  1404 | D:2      | Found a runed translucent door.
  1405 | D:2      | Noticed Crazy Yiuf
  1836 | D:3      | Found a burning altar of Makhleb.
  2294 | D:3      | Found a shimmering altar of Xom.
  2390 | D:3      | Found a runed translucent gate.
  2391 | D:3      | Found a runed translucent gate.
  2391 | D:3      | Found a runed translucent gate.
  2395 | D:3      | Noticed bmack86's ghost (amateur MiFi)
  2411 | D:4      | Noticed a scorpion
  2519 | D:4      | Found a staircase to the Ecumenical Temple.
  2525 | Temple   | Entered the Ecumenical Temple
  2595 | D:4      | Found a hide-covered altar of Uskayaw.
  2605 | D:4      | Noticed a +0 dagger
  2605 | D:4      | Noticed a +0 dagger
  2610 | D:4      | Became a worshipper of Uskayaw the Reveller
  2617 | D:4      | Reached * piety under Uskayaw
  2623 | D:4      | Reached ** piety under Uskayaw
  2918 | D:4      | Noticed a centaur
  2940 | D:4      | Reached skill level 1 in Invocations
  2940 | D:4      | Reached XP level 5. HP: 42/47 MP: 4/6
  2942 | D:4      | Reached skill level 5 in Axes
  2943 | D:4      | Reached *** piety under Uskayaw
  2948 | D:4      | HP: 12/47 [centaur (4)]
  2948 | D:4      | Reached **** piety under Uskayaw
  2949 | D:4      | HP: 4/47 [centaur (3)]
  2950 | D:4      | HP: 1/47 [centaur (4)]
  2953 | D:4      | Killed a centaur
  2954 | D:4      | Reached XP level 6. HP: 10/55 MP: 5/7
  3431 | D:4      | HP: 10/55 [ogre/+0 giant club (27)]
  3433 | D:4      | Reached skill level 5 in Fighting
  3612 | D:4      | Reached skill level 6 in Axes
  3676 | D:4      | Noticed Sigmund
  3704 | D:4      | Killed Sigmund
  3705 | D:4      | Reached XP level 7. HP: 37/61 MP: 8/10
  4018 | D:4      | Reached skill level 5 in Armour
  4274 | D:4      | Reached skill level 7 in Axes
  4274 | D:4      | Reached skill level 5 in Invocations
  4372 | D:5      | Entered Level 5 of the Dungeon
  4414 | D:5      | Noticed Blork the orc
  4428 | D:5      | HP: 17/61 [Blork the orc/puff of frost (4)]
  4429 | D:5      | Killed Blork the orc
  4430 | D:5      | Reached XP level 8. HP: 20/70 MP: 12/12
  4748 | D:5      | Found the +6 shillelagh "Devastator" {shatter}
  5013 | D:5      | Reached skill level 8 in Axes
  5055 | D:5      | Found a shadowy altar of Dithmenos.
  5694 | D:5      | Found a bloodstained altar of Trog.
  6149 | D:6      | Reached skill level 9 in Axes
  6207 | D:6      | Reached XP level 9. HP: 67/78 MP: 14/14
  6322 | D:6      | HP: 22/78 [electric eel/bolt of electricity (12)]
  6519 | D:6      | Found an ornate altar of the Wu Jian Council.
  6674 | D:6      | Noticed Edmund
  6702 | D:6      | Killed Edmund
  7245 | D:7      | Reached skill level 10 in Axes
  7321 | D:7      | Noticed Pikel
  7326 | D:7      | Killed Pikel
  7327 | D:7      | Noticed a two-headed ogre
  7333 | D:7      | HP: 20/79 [two-headed ogre/+0 giant club (15)]
  7333 | D:7      | Killed a two-headed ogre
  7334 | D:7      | Reached skill level 11 in Axes
  7334 | D:7      | Reached skill level 10 in Invocations
  7334 | D:7      | Reached XP level 10. HP: 22/88 MP: 12/17
  8127 | D:7      | Identified the +0 ring mail of Nedics {rCorr}
  9452 | D:8      | Reached skill level 12 in Axes
  9714 | D:9      | Noticed DSscumlord's ghost (novice DsWn)
 10042 | D:9      | Found a runed translucent gate.
 10042 | D:9      | Found a runed translucent gate.
 10042 | D:9      | Found a runed translucent gate.
 10101 | D:9      | Reached skill level 1 in Dodging
 10209 | D:9      | Found Oluwkut's Superior Scales.
 10447 | D:9      | Reached ***** piety under Uskayaw
 10467 | D:9      | HP: 25/90 [orc warrior/bolt (10)]
 10469 | D:9      | HP: 9/90 [orc warrior/bolt (17)]
 10482 | D:9      | HP: 3/90 [spore (33)]
 10482 | D:9      | Engulfed by a cloud of flame

Illustrated notes

Levels and vault maps discovered:
D:1:      dpeg_arrival_rooms_b, layout_basic, serial_shops, shop, st_stairs_14,
          lemuel_flame_loot_1
D:2:      layout_loops_cross, nicolae_ecumenical_oubliette,
          corexii_hall_statues_i, chequers_mini_garden,
          kennysheep_jessica_study, uniq_crazy_yiuf_cottage
D:3:      layout_loops_ring, xom_teletrap_fun, amcnicky_altar_gilded,
          gammafunk_ghost_necromancy, serial_glass, glass_columns_a,
          glass_columns_a, hangedman_decor_push
D:4:      minmay_angry_zag, layout_loops_ring, dancing_weapons_uskayaw,
          minmay_temple_entry_enclosed_plants, bh_walls_and_bars, uniq_sigmund
D:5:      layout_basic, grunt_dithmenos_smoke_and_mirrors,
          nicolae_overflow_hidden_temple, dilly_guarded_unrand_devastator,
          uniq_blork_the_orc
D:6:      layout_basic, kennysheep_mini_moat, minmay_misc_feat_tiny,
          kennysheep_boxes, uniq_edmund
D:7:      nicolae_BIG_FREAKIN_CUBE, layout_gridville, kb_lookout_dungeons_type,
          minmay_chambers_of_fives, uniq_pikel
D:8:      hellmonk_ruined_rings, layout_loops_corners
D:9:      layout_small_grid, david_orc_5, gammafunk_ghost_icy,
          hellmonk_scale_shop
Temple:   nicolae_temple_x_marks_the_god

Skill      XL: |  1  2  3  4  5  6  7  8  9 10 |
---------------+-------------------------------+-----
Axes           | 3 4 5 6 7 9 11 12 | 12.3
Fighting       | 4 5 6 7 8 |  8.9
Armour         | 4 5 6 7 8 |  8.2
Invocations    | 1 2 4 5 7 10 11 | 11.5
Dodging        | 1 |  1.5
Shields        | |  3.4

Action                   |  1- 3 |  4- 6 |  7- 9 | 10-12 || total
-------------------------+-------+-------+-------+-------++-------
Melee: War axe           |    69 |   127 |   112 |     5 ||   313
       Shillelagh        |       |       |    94 |   139 ||   233
Throw: Dart              |       |       |       |     2 ||     2
Invok: Line Pass         |       |       |     1 |       ||     1
  Use: Scroll            |       |     4 |     5 |     6 ||    15
       Potion            |       |     3 |       |     1 ||     4
 Stab: Paralysed         |       |     1 |     4 |     3 ||     8
Armor: Scale mail        |    27 |    49 |    64 |    66 ||   206
Dodge: Dodged            |    37 |    65 |   121 |    94 ||   317
Block: Buckler           |    11 |    28 |    47 |    30 ||   116

Table legend: (Time is in decaauts)
 A = Elapsed time spent in this place.
 B = Non-inter-level travel time spent in this place.
 C = Inter-level travel time spent in this place.
 D = Time resting spent in this place.
 E = Time spent auto-exploring this place.
 F = Levels seen in this place.
 G = Mean time per level.
                   A        B        C        D        E       F      G
               +--------+--------+--------+--------+--------+-----+--------+
         Total |  10597 |  10173 |    424 |    937 |   7310 |  10 | 1059.7 |
       Dungeon |  10538 |  10121 |    417 |    937 |   7264 |   9 | 1170.9 |
        Temple |     58 |     51 |      7 |      0 |     46 |   1 |   58.0 |
               +--------+--------+--------+--------+--------+-----+--------+

Top non-repeatable levels by time:
     D:4: 2051 daAuts
     D:7: 1504 daAuts
     D:6: 1323 daAuts
     D:5: 1212 daAuts
     D:8: 1135 daAuts
     D:2: 914 daAuts
     D:3: 841 daAuts
     D:9: 785 daAuts
     D:1: 768 daAuts
  Temple: 58 daAuts
